 Seeded DCSS version 0.31-a0-145-g046c7d2549 (webtiles) character file.

Game seed: 13756538122855080540 (custom seed)

14023 Pimp the Frost Mage (level 12, -20/89 HPs)
             Began as a Barachi Ice Elementalist on June 6, 2023.
             Was a High Priest of Cheibriados.
             Demolished by Fannar (28 damage)
             ... on level 10 of the Dungeon.
             The game lasted 00:45:02 (11972 turns).

Pimp the Frost Mage (Barachi Ice Elementalist)     Turns: 11972, Time: 00:45:03

Health: -20/89     AC: 18    Str: 24    XL:     12   Next: 12%
Magic:  23/24      EV: 17    Int: 47    God:    Cheibriados [*****.]
Gold:   738        SH:  0    Dex: 26    Spells: 5/27 levels left

rFire   + + +        T - staff of conjuration "Ihuen" {Will- Int+7}
rCold   . . .        M - orb {guile}
rNeg    . . .        v - +0 fire dragon scales
rPois   +            s - +0 helmet
rElec   +            f - +0 cloak
rCorr   +            t - +0 pair of gloves
SInv    +            o - +2 pair of boots of the Enfolding Gods {Int+5}
Will    .....        h - amulet of magic regeneration
Stlth   ++           e - ring of Soqeil {rElec rCorr Str-3 Int+6 SInv}
HPRegen 0.34/turn    E - ring of wizardry
MPRegen 0.59/turn

%: wizardry (x1)
@: resistant, very slow
A: amphibious, slowness 1, strong legs 1, +LOS
a: Hop, Renounce Religion, Bend Time, Temporal Distortion, Slouch, Step From
Time


You were on level 10 of the Dungeon.
You worshipped Cheibriados.
Cheibriados was extremely pleased with you.
You visited 2 branches of the dungeon, and saw 11 of its levels.
You also visited: Sewer and Bailey.

You collected 1038 gold pieces.
You spent 300 gold pieces at shops.

Inventory:

Hand Weapons
 L - a +2 whip of freezing
 R - a +1 mace of protection
Missiles
 k - a boomerang of dispersal
 S - 14 throwing nets
Armour
 a - a +0 robe
 f - a +0 cloak (worn)
 g - a +0 leather armour of fire resistance
 o - the +2 pair of boots of the Enfolding Gods (worn) {Int+5}
   (You acquired it on level 3 of the Dungeon)

   Int:       It affects your intelligence (+5).
 s - a +0 helmet (worn)
 t - a +0 pair of gloves (worn)
 v - +0 fire dragon scales (worn)
 M - an orb of guile (worn)
Magical Staves
 T - the staff of conjuration "Ihuen" (weapon) {Will- Int+7}
   (You bought it in a shop on level 9 of the Dungeon)

   [staff of conjuration]

   Base accuracy: +5 Base damage: 5 Base attack delay: 1.2 This weapon's minimum
   attack delay (0.6) is reached at skill level 12.
   Int:       It affects your intelligence (+7).
   Will:      It decreases your willpower.
   It falls into the 'Staves' category.
   It is a one-handed weapon.
Jewellery
 e - the ring of Soqeil (left hand) {rElec rCorr Str-3 Int+6 SInv}
   (You acquired it on level 1 of the Dungeon)

   [ring of resist corrosion]

   Str:       It affects your strength (-3).
   Int:       It affects your intelligence (+6).
   rElec:     It insulates you from electricity.
   SInv:      It lets you see invisible.
   rCorr:     It protects you from acid and corrosion.
 h - an amulet of magic regeneration (around neck)
 y - an amulet of regeneration
 A - an amulet of faith
 E - a ring of wizardry (right hand)
 I - a ring of fire
 O - a ring of poison resistance
Wands
 p - a wand of flame (37)
 x - a wand of light (21)
 G - a wand of charming (6)
 J - a wand of digging (11)
 N - a wand of polymorph (13)
Scrolls
 i - a scroll of vulnerability
 j - 2 scrolls of teleportation
 l - 2 scrolls of fear {unknown}
 q - 8 scrolls of identify
 u - 2 scrolls of enchant armour {unknown}
 w - 3 scrolls of enchant weapon {unknown}
 B - a scroll of magic mapping {unknown}
 C - a scroll of fog {unknown}
 D - 2 scrolls of silence {unknown}
 K - 2 scrolls of amnesia {unknown}
 U - a scroll of poison {unknown}
 V - a scroll of immolation {unknown}
 W - a scroll of torment {unknown}
Potions
 b - a potion of berserk rage {unknown}
 c - a potion of haste
 d - 3 potions of enlightenment
 n - a potion of cancellation {unknown}
 r - a potion of mutation {unknown}
 z - a potion of heal wounds {unknown}
 F - a potion of degeneration {unknown}
 Q - a potion of might


   Skills:
 + Level 6.3 Fighting
 - Level 4.3 Maces & Flails
 + Level 8.5 Armour
 - Level 9.1 Dodging
 - Level 6.6 Stealth
 - Level 8.3 Spellcasting
 + Level 2.2 Conjurations
 * Level 3.8 Summonings
 - Level 10.7 Ice Magic
 - Level 5.1 Earth Magic


You had 5 spell levels left.
You knew the following spells:

 Your Spells              Type           Power      Damage    Failure   Level
a - Freeze                Ice            100%       1d10      1%          1
b - Ozocubu's Armour      Ice            88%        N/A       1%          3
c - Frozen Ramparts       Ice            100%       1d16      1%          3
d - Momentum Strike       Conj/Tloc      90%        3d10      1%          2
e - Stone Arrow           Conj/Erth      100%       3d13      1%          3
f - Tukima's Dance        Hex            19%        N/A       4%          3
g - Summon Hydra          Summ           27%        N/A       89%         7

Your spell library contained the following spells:

 Spells                   Type           Power      Damage    Failure   Level
 Sandblast                Erth           100%       2d20      1%          1
 Blink                    Tloc           38%        N/A       1%          2
 Lesser Beckoning         Tloc           38%        N/A       1%          2
 Passwall                 Tmut/Erth      35%        N/A       1%          2
 Sublimation of Blood     Necr           19%        N/A       1%          2
 Wereblood                Tmut           19%        N/A       1%          2
 Summon Ice Beast         Ice/Summ       73%        N/A       1%          4
 Ignite Poison            Fire/Tmut/Pois 19%        N/A       4%          3
 Portal Projectile        Hex/Tloc       38%        N/A       4%          3
 Vhi's Electric Charge    Tloc/Air       38%        N/A       4%          3
 Sticky Flame             Conj/Fire      45%        2d6       9%          4
 Passage of Golubria      Tloc           19%        N/A       13%         4
 Arcjolt                  Conj/Air       22%        1d32      22%         5
 Blade Hands              Tmut           9%         N/A       34%         5
 Yara's Violent Unravell  Hex/Tmut       9%         3d6       34%         5
 Plasma Beam              Fire/Air       9%         2x1d20    87%         6
 Ignition                 Fire           9%         3d5       100%        8


Dungeon Overview and Level Annotations

Branches:
Dungeon (10/15)            Temple (1/1) D:6            Lair (0/5) D:8
    Orc (0/2) D:9           Sewer (visited)          Bailey (visited)

Altars:
Ashenzari
Cheibriados
Dithmenos
Elyvilon
Fedhas
Gozag
Hepliaklqana
Kikubaaqudgha
Makhleb
Nemelex Xobeh
Okawaru
Qazlal
Ru
Sif Muna
Trog
Uskayaw
Vehumet
Wu Jian
Xom
Yredelemnul
Zin
The Shining One

Shops:
D:9 *

Annotations:
D:9 2 transporters, Starbright's ghost, journeyman OpBe
D:10 Fannar


Innate Abilities, Weirdness & Mutations

You are amphibious.
You cover ground slowly.
You can hop short distances.
You have an extended range of vision and can be seen from far away.


Message History

Okay, then.
You see here a +0 chain mail.
Fannar shouts!
Fannar mumbles some strange words.
Fannar casts a spell.
Fannar drains the heat from the surrounding environment!
You feel a terrible chill!
Ouch! That really hurt!
As you read the scroll of teleportation, it crumbles to dust.
You feel strangely unstable.
Casting: Stone Arrow (safe; 1% risk of failure)
Confirm with . or Enter, or press ? or * to list all spells.
Aiming: Tukima's Dance (mildly dangerous; 4% risk of failure)
Press: ? - help, Shift-Dir - straight line, f/p - Fannar
Aim: Fannar, wielding a staff of cold and wearing a +2 robe of cold resistance (chance to affect: 69%) Fannar resists with almost no effort.
Fannar hits you but does no damage. Fannar freezes you!
Casting: Tukima's Dance (mildly dangerous; 4% risk of failure)
Confirm with . or Enter, or press ? or * to list all spells.
Aiming: Tukima's Dance (mildly dangerous; 4% risk of failure)
Press: ? - help, Shift-Dir - straight line, f/p - Fannar
Aim: Fannar, wielding a staff of cold and wearing a +2 robe of cold resistance (chance to affect: 69%)
The staff of cold dances into the air!
Your surroundings suddenly seem different.
As you read the scroll of teleportation, it crumbles to dust.
You feel strangely unstable.
Your surroundings seem slightly different.
Fannar shouts!
Your staff of cold hits Fannar but does no damage.
Your staff of cold closely misses Fannar.
Fannar casts a spell.
Fannar drains the heat from the surrounding environment!
You feel a terrible chill!
* * * LOW HITPOINT WARNING * * *
Your staff of cold resists.
You feel protected.
Your staff of cold hits Fannar but does no damage.
Fannar casts a spell.
Fannar drains the heat from the surrounding environment!
You die...

#.######## #.#
#.<......####### ##.#
########.......####..#
#######...##.## ##
###....######## #. ###
###........>###.
#..########(.######..##.
#...#.....e....>###....
#.....@..Y.......#####.
###...............# #.
#...............####.
#...............##...
#...............##.##
#...>...............#
##..<..........##.#.#
##..)))......###.#.#
####)#.###### ..#.#


You could see Fannar (ally target), an ice beast (summoned) and a friendly staff
of cold.

Vanquished Creatures
  Pikel (D:7)
  A manticore (D:9)
  Joseph (D:7)
  3 slime creatures (D:8)
  A gargoyle (D:10)
  A komodo dragon (D:8)
  2 hornets (D:7)
  Prince Ribbit (D:5)
  Sigmund (D:3)
  A shadow (D:10)
  22 yaks
  A vampire (D:10)
  2 wyverns (D:8)
  3 basilisks (D:8)
  3 vampire mosquitoes (D:10)
  A swamp drake (D:8)
  6 orc warriors (D:9)
  2 sky beasts (D:7)
  Pargi (Sewer)
  An ogre (D:5)
  2 ice beasts
  2 black bears
  6 wolves (Bailey)
  2 centaurs
  4 lemures (D:7)
  2 kobold brigands
  Blork the orc (D:6)
  4 bullfrogs
  9 gnoll sergeants
  2 scorpions (D:5)
  A wight (D:7)
  4 killer bees (D:9)
  3 howler monkeys
  4 hounds
  A quasit (D:6)
  3 jellies
  8 orc priests
  7 gnoll boudas
  3 iron imps (D:7)
  2 sleepcaps
  5 iguanas
  Ijyb (D:3)
  12 orc wizards
  11 adders
  29 gnolls
  A river rat (D:3)
  4 shadow imps
  6 white imps
  6 ufetubi (D:6)
  3 dart slugs
  42 orcs
  5 bats
  5 endoplasms
  6 giant cockroaches
  14 goblins
  6 hobgoblins
  4 jackals (D:2)
  2 quokkas (D:5)
  11 ball pythons
  10 frilled lizards
  8 kobolds
  7 rats
323 creatures vanquished.

Vanquished Creatures (collateral kills)
  A two-headed ogre (D:9)
  A sky beast (D:8)
  An orc warrior (D:9)
  A centaur (D:8)
  2 howler monkeys (D:8)
  An orc priest (D:8)
  An orc (D:8)
8 creatures vanquished.

Vanquished Creatures (others)
  6 dancing weapons (D:9)
  A rat (D:1)
7 creatures vanquished.

Grand Total: 338 creatures vanquished

Notes
Turn   | Place    | Note
-------+----------+-------------------------------------------
     0 | D:1      | Pimp the Barachi Ice Elementalist began the quest for the
                  | Orb.
     0 | D:1      | Reached XP level 1. HP: 13/13 MP: 3/3
   253 | D:1      | Reached XP level 2. HP: 19/19 MP: 3/5
   259 | D:1      | Reached skill level 5 in Ice Magic
   492 | D:1      | Identified a scroll of acquirement
   492 | D:1      | Acquired the ring of Soqeil {rElec rCorr Str-3 Int+6 SInv}
  1189 | D:2      | Reached XP level 3. HP: 24/24 MP: 3/6
  1449 | D:2      | Found a faded altar of an unknown god.
  1493 | D:2      | Found a burning altar of Makhleb.
  1499 | D:2      | Reached XP level 4. HP: 26/30 MP: 5/8
  2001 | D:3      | Found a glowing drain.
  2016 | Sewer    | Entered a sewer
  2151 | Sewer    | Noticed Pargi
  2207 | Sewer    | Learned a level 3 spell: Ozocubu's Armour
  2211 | Sewer    | Learned a level 3 spell: Frozen Ramparts
  2214 | Sewer    | Learned a level 2 spell: Momentum Strike
  2432 | Sewer    | Killed Pargi
  2433 | Sewer    | Reached XP level 5. HP: 20/35 MP: 2/10
  2714 | D:3      | Found a shimmering altar of Xom.
  2732 | D:3      | Noticed Ijyb
  2739 | D:3      | Killed Ijyb
  2740 | D:3      | Reached skill level 6 in Ice Magic
  2740 | D:3      | Reached XP level 6. HP: 40/41 MP: 6/11
  2743 | D:3      | Acquired the +2 pair of boots of the Enfolding Gods {Int+5}
  2873 | D:3      | Noticed Sigmund
  2882 | D:3      | Killed Sigmund
  3651 | D:4      | Reached XP level 7. HP: 46/46 MP: 11/13
  3938 | D:4      | Found an ornate altar of the Wu Jian Council.
  4324 | D:4      | Reached skill level 7 in Ice Magic
  4433 | D:4      | Found a blossoming altar of Fedhas.
  4444 | D:4      | Reached skill level 5 in Dodging
  4726 | D:5      | Entered Level 5 of the Dungeon
  4736 | D:5      | Reached XP level 8. HP: 51/52 MP: 7/15
  4738 | D:5      | Reached skill level 5 in Spellcasting
  4742 | D:5      | Reached skill level 5 in Stealth
  5094 | D:5      | Learned a level 3 spell: Stone Arrow
  5358 | D:5      | Noticed Prince Ribbit
  5377 | D:5      | Killed Prince Ribbit
  5378 | D:5      | Reached skill level 8 in Ice Magic
  6021 | D:6      | Noticed Blork the orc
  6032 | D:6      | Killed Blork the orc
  6033 | D:6      | Reached XP level 9. HP: 49/57 MP: 1/17
  6150 | D:6      | Found a staircase to the Ecumenical Temple.
  6248 | Temple   | Entered the Ecumenical Temple
  6672 | Temple   | Became a worshipper of Cheibriados the Contemplative
  7300 | D:7      | Reached * piety under Cheibriados
  7324 | D:7      | Noticed Joseph
  7376 | D:7      | Killed Joseph
  7377 | D:7      | Reached skill level 9 in Ice Magic
  7377 | D:7      | Reached skill level 1 in Earth Magic
  7386 | D:7      | Noticed a hornet
  7393 | D:7      | Killed a hornet
  7453 | D:7      | Noticed a white ugly thing
  7526 | D:7      | Reached skill level 1 in Fighting
  7526 | D:7      | Reached skill level 1 in Armour
  7556 | D:7      | Found a burning altar of Makhleb.
  7619 | D:7      | Noticed Pikel
  7629 | D:7      | Killed Pikel
  7630 | D:7      | Reached XP level 10. HP: 60/67 MP: 12/20
  7661 | D:7      | Learned a level 3 spell: Tukima's Dance
  8334 | D:8      | Found an ancient bone altar of Kikubaaqudgha.
  8365 | D:8      | Reached skill level 1 in Maces & Flails
  8603 | D:8      | Reached ** piety under Cheibriados
  9385 | D:8      | Reached skill level 5 in Armour
  9419 | D:8      | Reached skill level 10 in Ice Magic
  9605 | D:8      | Found a staircase to the Lair.
  9709 | D:9      | Found a transporter.
  9718 | D:9      | Reached XP level 11. HP: 70/77 MP: 16/22
  9718 | D:9      | Reached *** piety under Cheibriados
  9763 | D:9      | Noticed Starbright's ghost (journeyman OpBe)
  9763 | D:9      | Noticed a two-headed ogre
  9763 | D:9      | Noticed a two-headed ogre
  9764 | D:9      | Found a transporter.
  9764 | D:9      | Noticed a two-headed ogre
  9764 | D:9      | Identified the +0 dire flail of Royalism {freeze, Int+2}
  9764 | D:9      | Noticed a two-headed ogre
  9764 | D:9      | Noticed a two-headed ogre
  9818 | D:9      | Noticed a manticore
  9834 | D:9      | Killed a manticore
  9884 | D:9      | Reached skill level 5 in Fighting
  9884 | D:9      | Reached **** piety under Cheibriados
 10031 | D:9      | Found a staircase to the Orcish Mines.
 10111 | D:9      | Noticed a two-headed ogre
 10118 | D:9      | Killed a two-headed ogre
 10137 | D:9      | Found a flagged portal.
 10146 | Bailey   | Entered a bailey
 10315 | Bailey   | Reached ***** piety under Cheibriados
 10318 | Bailey   | Reached skill level 5 in Earth Magic
 10994 | D:9      | Found Udabul's Demolitions Depot.
 11007 | D:9      | Bought the staff of conjuration "Ihuen" {Will- Int+7} for
                  | 300 gold pieces
 11215 | D:9      | Learned a level 7 spell: Summon Hydra
 11262 | D:10     | Entered Level 10 of the Dungeon
 11272 | D:10     | Reached skill level 1 in Summonings
 11401 | D:10     | Reached skill level 1 in Conjurations
 11473 | D:10     | Reached XP level 12. HP: 54/88 MP: 14/24
 11676 | D:10     | Noticed Fannar
 11972 | D:10     | Demolished by Fannar

Illustrated notes

Levels and vault maps discovered:
D:1:      scummos_arrival_star, layout_basic
D:2:      layout_basic, basic_altar, basic_ecumenical_altar, grunt_decor_cap
D:3:      layout_basic, mainiacjoe_overflow_alcove_1, portal_sewer_entry_b,
          minmay_close_crescents, uniq_ijyb, uniq_sigmund
D:4:      layout_loops_corners, mainiacjoe_overflow_paths,
          nicolae_wu_jian_glorious_leap, kennysheep_flooded_box,
          guppyfry_early_lair_pool
D:5:      layout_layer_cave, nicolae_eternal_life, uniq_prince_ribbit1
D:6:      layout_cave_pools, minmay_temple_entry_water_ring, serial_demonic,
          serial_demonic_e, serial_demonic_g, serial_demonic_g,
          serial_demonic_d, serial_demonic_d, serial_demonic_f,
          serial_demonic_a, serial_demonic_a, minmay_lizard_king,
          uniq_blork_the_orc
D:7:      hangedman_cross_stitches, layout_rooms, demons_altar, minivault_27,
          uniq_joseph, uniq_pikel
D:8:      layout_basic, mainiacjoe_overflow_small_starburst, erik_lair_dragon
D:9:      layout_basic, david_orc_5, enter_bailey_5, gammafunk_ghost_smash,
          wad_woods_river_04, grunt_ministairs_13,
          chequers_serial_rivers_room_a, minmay_misc_feat_four_crosses,
          nicolae_blasting_shop
D:10:     layout_rooms, hangedman_decor_diamond_cutter, uniq_fannar
Temple:   minmay_temple_bridge_d

Skill      XL: |  1  2  3  4  5  6  7  8  9 10 11 12 |
---------------+-------------------------------------+-----
Stealth        | 2 3 4 5 6 |  6.6
Ice Magic      | 5 6 7 8 9 10 | 10.7
Dodging        | 3 4 5 6 7 8 9 |  9.1
Spellcasting   | 3 4 5 7 8 |  8.3
Earth Magic    | 2 4 5 |  5.1
Fighting       | 2 4 6 |  6.3
Armour         | 3 6 8 |  8.5
Maces & Flails | 2 4 |  4.3
Summonings     | 2 3 |  3.8
Conjurations   | 1 2 |  2.2

Action                     |  1- 3 |  4- 6 |  7- 9 | 10-12 || total
---------------------------+-------+-------+-------+-------++-------
  Melee: Unarmed           |     8 |    10 |    71 |       ||    89
         Whip              |       |       |       |    23 ||    23
         Mace              |       |       |       |    45 ||    45
         Staff             |       |       |       |     4 ||     4
   Cast: Freeze            |    48 |    77 |   164 |   135 ||   424
         Momentum Strike   |       |     3 |     8 |       ||    11
         Frozen Ramparts   |       |     1 |    17 |    41 ||    59
         Ozocubu's Armour  |       |       |    12 |     4 ||    16
         Stone Arrow       |       |       |    27 |    13 ||    40
         Tukima's Dance    |       |       |       |    25 ||    25
Ability: Hop               |       |       |     1 |       ||     1
    Use: Scroll            |     1 |     1 |       |     8 ||    10
         Potion            |     1 |       |     5 |     6 ||    12
   Stab: Distracted        |       |       |       |     1 ||     1
 Armour: Robe              |     8 |       |       |       ||     8
         Leather armour    |     4 |    21 |   126 |    43 ||   194
         Fire dragon scale |       |       |       |   125 ||   125
  Dodge: Dodged            |    29 |    84 |   212 |   363 ||   688

Table legend: (Time is in decaauts)
 A = Elapsed time spent in this place.
 B = Non-inter-level travel time spent in this place.
 C = Inter-level travel time spent in this place.
 D = Time resting spent in this place.
 E = Time spent auto-exploring this place.
 F = Levels seen in this place.
 G = Mean time per level.
                   A        B        C        D        E       F      G
               +--------+--------+--------+--------+--------+-----+--------+
         Total |  15282 |  14176 |   1106 |   1538 |   9858 |  13 | 1175.5 |
       Dungeon |  13205 |  12298 |    907 |   1102 |   8973 |  10 | 1320.5 |
        Temple |    592 |    394 |    198 |     13 |    361 |   1 |  592.0 |
         Sewer |    654 |    654 |      0 |    223 |    268 |   1 |  654.0 |
        Bailey |    830 |    830 |      0 |    200 |    255 |   1 |  830.0 |
               +--------+--------+--------+--------+--------+-----+--------+

Top non-repeatable levels by time:
     D:8: 1938 daAuts
     D:9: 1629 daAuts
     D:5: 1531 daAuts
     D:3: 1479 daAuts
     D:1: 1468 daAuts
     D:4: 1373 daAuts
    D:10: 1039 daAuts
     D:7: 1007 daAuts
     D:6: 888 daAuts
     D:2: 849 daAuts
  Bailey: 830 daAuts
   Sewer: 654 daAuts
  Temple: 592 daAuts
